 Dungeon Crawl Stone Soup version 0.21-a0-94-gdd6ab6a (webtiles) character file.

409 Gorglomux the Cleaver (level 6, 0/53 HPs)
             Began as a Hill Orc Gladiator on July 1, 2017.
             Was a Follower of Okawaru.
             Slain by a gnoll
             ... wielding a +2 flail of crushing
              (2 damage)
             ... on level 4 of the Dungeon.
             The game lasted 00:03:03 (3352 turns).

Gorglomux the Cleaver (Hill Orc Gladiator)          Turns: 3352, Time: 00:03:04

Health: 0/53       AC: 11    Str: 19    XL:     6   Next: 89%
Magic:  6/6        EV:  8    Int:  8    God:    Okawaru [*.....]
Gold:   291        SH:  0    Dex: 12    Spells: 5/5 levels left

rFire    . . .     SeeInvis .   a - +0 war axe
rCold    . . .     Gourm    .   (no shield)
rNeg     . . .     Faith    .   I - +0 chain mail
rPois    .         Spirit   .   c - +0 helmet
rElec    .         Reflect  .   (no cloak)
rCorr    .         Harm     .   (no gloves)
MR       .....                  M - +0 pair of boots
Stlth    ..........             (no amulet)
HPRegen  0.17/turn              (no ring)
MPRegen  0.10/turn              (no ring)

@: no status effects
A: no striking features
a: Heroism, Renounce Religion


You were on level 4 of the Dungeon.
You worshipped Okawaru.
Okawaru was aware of your devotion.
You were not hungry.

You visited 1 branch of the dungeon, and saw 4 of its levels.

You collected 291 gold pieces.

Inventory:

Hand Weapons
 a - a +0 war axe (weapon)
Missiles
 Z - 3 throwing nets (quivered)
Armour
 c - a +0 helmet (worn)
 I - a +0 chain mail (worn)
 M - a +0 pair of boots (worn)
 Q - a +0 ring mail
Scrolls
 J - a scroll of magic mapping {unknown}
 K - 2 scrolls of fear {unknown}
 L - a scroll of amnesia {unknown}
 N - a scroll of identify {unknown}
 O - a scroll of remove curse {unknown}
 P - a scroll of fog {unknown}
 S - a scroll of random uselessness {unknown}
 U - a scroll of teleportation {unknown}
 Y - a scroll of enchant weapon {unknown}
Potions
 G - a potion of haste {unknown}
 R - 3 potions of curing {unknown}
 W - a potion of flight {unknown}
 X - a potion of degeneration {unknown}
Comestibles
 f - 2 bread rations
 z - a meat ration
 H - a chunk of flesh
 T - 3 fruits
 V - a royal jelly


   Skills:
 + Level 4.4 Fighting
 + Level 8.1 Axes
 - Level 1.7 Throwing
 + Level 2.6 Armour
 - Level 2.4 Dodging


You had 5 spell levels left.
You didn't know any spells.

Dungeon Overview and Level Annotations

Branches:
Dungeon (4/15)
 Temple: D:4-7

Altars:
Elyvilon
Gozag
Nemelex Xobeh
Okawaru


Message History

Unknown command.
There are monsters nearby!
You slash the gnoll!
You kill the gnoll!
Okawaru accepts your kill.
You closely miss the gnoll. The gnoll hits you with a flail.
You completely miss the gnoll. You hit the gnoll.
You kill the gnoll!
Okawaru accepts your kill.
The gnoll hits you with a flail of crushing!
* * * LOW HITPOINT WARNING * * *
x2 You hit the gnoll.
The gnoll is moderately wounded.
The gnoll hits you but does no damage.
Unknown command.
You hit the gnoll but do no damage.
The gnoll is moderately wounded.
The gnoll hits you with a flail of crushing!
* * * LOW HITPOINT WARNING * * *
You die...

##.......# ..
#........# ...
##...<....## ##...
#...<......# #.....
#..........######......
#........#....#........
#........####.......#
#.......## ###..####
#.......# #@.#
#.......# #)g##
#.......# #...
#......## .....
##.....# .......
##...## ...####.. ###.#
...# ##. ## ..## ##


You could see a gnoll.

Vanquished Creatures
  An ogre (D:3)
  2 orc priests (D:3)
  An orc wizard (D:3)
  A worker ant (D:4)
  4 adders
  9 gnolls
  An ooze (D:1)
  4 worms
  3 dart slugs
  2 leopard geckos (D:3)
  4 orcs (D:3)
  A ball python (D:2)
  6 bats
  A giant cockroach (D:1)
  5 goblins
  11 hobgoblins
  6 jackals
  A quokka (D:3)
  3 frilled lizards
  5 kobolds
  3 rats
  A fungus (D:1)
75 creatures vanquished.

Vanquished Creatures (others)
  A bat (D:3)
  A goblin (D:3)
  A quokka (D:3)
3 creatures vanquished.

Grand Total: 78 creatures vanquished

Notes
Turn   | Place    | Note
-------+----------+-------------------------------------------
     0 | D:1      | Gorglomux the Hill Orc Gladiator began the quest for the Orb.
     0 | D:1      | Reached XP level 1. HP: 18/18 MP: 1/1
   142 | D:1      | Reached XP level 2. HP: 21/25 MP: 2/2
   299 | D:1      | Reached skill level 5 in Axes
   751 | D:2      | Reached XP level 3. HP: 26/30 MP: 3/3
   891 | D:2      | Found an opulent altar of Gozag.
   957 | D:2      | Found an iron altar of Okawaru.
   984 | D:2      | Became a worshipper of Warmaster Okawaru
  1147 | D:2      | Reached skill level 6 in Axes
  1226 | D:2      | Reached XP level 4. HP: 23/37 MP: 4/4
  1550 | D:2      | Reached skill level 7 in Axes
  1739 | D:3      | Reached XP level 5. HP: 30/42 MP: 5/5
  2335 | D:3      | Reached skill level 3 in Fighting
  2335 | D:3      | Reached skill level 1 in Armour
  2460 | D:3      | Reached XP level 6. HP: 40/51 MP: 6/6
  2631 | D:3      | Found a white marble altar of Elyvilon.
  2668 | D:3      | Reached * piety under Okawaru
  2671 | D:3      | HP: 2/52 [gnoll/halberd (8)]
  2674 | D:3      | Reached skill level 8 in Axes
  3266 | D:3      | Found a sparkling altar of Nemelex Xobeh.
  3352 | D:4      | HP: 2/53 [gnoll/flail of crushing (8)]
  3352 | D:4      | Slain by a gnoll

Vault maps used:
D:1:      dpeg_arrival_simpleton_c, minmay_gold_behind_fungi
D:2:      okawaru_ov_weapons_minmay, nicolae_gozag_seed_capital
D:3:      elyvilon_altar_4, first_bread, nemelex_diamond_rough_becter

Skill      XL: |  1  2  3  4  5  6 |
---------------+-------------------+-----
Axes           | 5 6 7 8 |  8.1
Fighting       | 3 4 |  4.4
Armour         | 2 |  2.6
Throwing       | |  1.7
Dodging        | |  2.4

Action                   |  1- 3 |  4- 6 || total
-------------------------+-------+-------++-------
Melee: War axe           |   107 |   126 ||   233
  Eat: Chunk             |     1 |     7 ||     8
Armor: Leather armour    |    25 |       ||    25
       Ring mail         |     9 |    37 ||    46
       Chain mail        |       |     4 ||     4
Dodge: Dodged            |    72 |    68 ||   140
